 Dungeon Crawl Stone Soup version 0.19.0-2-gae57169 (webtiles) character file.

89 hurricos the Cutter (level 4, -1/26 HPs)
             Began as a Kobold Gladiator on Nov 6, 2016.
             Slain by a worm (7 damage)
             ... on level 3 of the Dungeon.
             The game lasted 00:01:29 (2020 turns).

hurricos the Cutter (Kobold Gladiator)              Turns: 2020, Time: 00:01:30

Health: -1/26      AC:  4    Str: 12    XL:     4   Next: 84%
Magic:  4/4        EV: 16    Int:  9    God:
Gold:   86         SH:  0    Dex: 16    Spells: 0 memorised, 3 levels left

rFire  . . .     SeeInvis .     a - +0 rapier
rCold  . . .     Gourm    .     b - +0 leather armour
rNeg   . . .     Faith    .     (shield restricted)
rPois  .         Spirit   .     c - +0 helmet
rElec  .         Reflect  .     (no cloak)
rCorr  .         Harm     .     (no gloves)
MR     .....                    (no boots)
Stlth  +.........               (no amulet)
                                (no ring)
                                (no ring)

@: no status effects
A: carnivore 3
a: no special abilities


You were on level 3 of the Dungeon.
You were not hungry.

You visited 1 branch of the dungeon, and saw 3 of its levels.

You collected 86 gold pieces.

Inventory:

Hand Weapons
 a - a +0 rapier (weapon)
Missiles
 d - 3 throwing nets (quivered)
Armour
 b - a +0 leather armour (worn)
 c - a +0 helmet (worn)
Jewellery
 n - an uncursed ring of ice
Wands
 u - a wand of random effects (25/48)
Scrolls
 e - 3 scrolls of identify {unknown}
 g - a scroll of remove curse {unknown}
 j - a scroll of teleportation {unknown}
 l - a scroll of blinking {unknown}
 p - a scroll of immolation {unknown}
 s - 2 scrolls of enchant weapon {unknown}
 t - a scroll of recharging {unknown}
Potions
 i - a potion of lignification {unknown}
 k - a potion of degeneration {unknown}
 m - a potion of brilliance {unknown}
 o - a potion of cure mutation {unknown}
 q - a potion of flight {unknown}
 r - a potion of curing {unknown}
Comestibles
 f - 3 meat rations
 h - a slice of pizza


   Skills:
 - Level 2.1 Fighting
 + Level 6.8 Short Blades
 - Level 2.1 Throwing
 - Level 3.6 Dodging


You had 3 spell levels left.
You didn't know any spells.

Dungeon Overview and Level Annotations

Branches:
Dungeon (3/15)

Altars:


Innate Abilities, Weirdness & Mutations

You are small and have problems with some larger weapons.
You are carnivorous and can eat meat at any time.


Message History

You closely miss the quokka. The quokka closely misses you.
You barely miss the quokka. The quokka completely misses you.
You hit the quokka.
You kill the quokka!
You hit the worm.
The worm is severely wounded.
You barely miss the worm.
The worm is severely wounded.
The worm barely misses you.
You barely miss the worm.
The worm is severely wounded.
You hit the worm but do no damage.
The worm is severely wounded.
The worm closely misses you.
You hit the worm.
The worm is severely wounded.
You barely miss the worm.
The worm is severely wounded.
The worm bites you!
You die...

#...#
######...#
.......$.#
#...# #...#
#...# ##..#
###w###
####..@..#
..........#
.######.....#
.>......>...#
...####.....#
#.#...
#..###.....#
#.#..#
#...#.#####
#.#..# #...#
.....## ##..#


You could see a worm.

Vanquished Creatures
  3 adders
  A gnoll (D:1)
  A worm (D:2)
  2 dart slugs (D:2)
  2 leopard geckos
  3 orcs
  2 ball pythons (D:1)
  7 bats
  3 giant cockroaches
  2 goblins
  A hobgoblin (D:2)
  A quokka (D:3)
  3 frilled lizards
  9 kobolds
  3 rats (D:1)
43 creatures vanquished.

Notes
Turn   | Place    | Note
-------+----------+-------------------------------------------
     0 | D:1      | hurricos the Kobold Gladiator began the quest for the Orb.
     0 | D:1      | Reached XP level 1. HP: 12/12 MP: 1/1
    91 | D:1      | Reached XP level 2. HP: 15/17 MP: 2/2
   313 | D:1      | Reached skill level 5 in Short Blades
   499 | D:1      | Reached XP level 3. HP: 21/21 MP: 3/3
   675 | D:2      | Reached skill level 6 in Short Blades
   754 | D:2      | Reached XP level 4. HP: 26/26 MP: 4/4
  2020 | D:3      | Slain by a worm

Skill      XL: |  1  2  3 |
---------------+----------+-----
Short Blades   | 5 6 |  6.8
Fighting       | |  2.1
Throwing       | |  2.1
Dodging        | |  3.6

Action                   |  1- 3 |  4- 6 || total
-------------------------+-------+-------++-------
Melee: Rapier            |    72 |    86 ||   158
 Stab: Sleeping          |     2 |     1 ||     3
  Eat: Chunk             |       |     5 ||     5
Armor: Leather armour    |     9 |    13 ||    22
Dodge: Dodged            |    58 |    76 ||   134
